 Dungeon Crawl Stone Soup version 0.32-a0-913-g739538afd8 (webtiles) character file.

Game seed: 15235596896900300853

42 Zonian the Trooper (level 3, 0/24 HPs)
             Began as a Gargoyle Fighter on Apr 7, 2024.
             Frozen to death by an endoplasm (5 damage)
             ... on level 2 of the Dungeon on Apr 8, 2024.
             The game lasted 00:03:28 (1690 turns).

Zonian the Trooper (Gargoyle Fighter)               Turns: 1690, Time: 00:03:29

Health: 0/24       AC: 11    Str: 21    XL:     3   Next: 56%
Magic:  3/3        EV:  8    Int:  8    God:
Gold:   155        SH:  4    Dex:  9    Spells: 2/2 levels left

rFire   . .          .
                       - Unarmed
rCold   . . .        b - +0 buckler
rNeg    + . .        a - +0 scale mail rPois โˆž
                     (no helmet)
rElec   +            (no cloak)
rCorr   .            (no gloves)
SInv    .            p - +0 pair of boots
Will    .....        (no amulet) Stlth
                     (no ring)
HPRegen 0.24/turn    (no ring)
MPRegen 0.08/turn

%: no passive effects
@: mighty
A: sickness immunity, AC +3, negative energy resistance 1, electricity
resistance, torment resistance 1, petrification resistance
a: no special abilities


You were on level 2 of the Dungeon.
You visited 1 branch of the dungeon, and saw 3 of its levels.

You collected 155 gold pieces.


Innate Abilities, Weirdness & Mutations

You are immune to sickness and miasma.
Your stone body is resilient. (AC +3)
You are immune to poison.
You resist negative energy. (rN+)
You are resistant to electric shocks. (rElec)
You are resistant to unholy torment.
You are immune to petrification.


   Skills:
 + Level 3.8 Fighting
 + Level 3.7 Armour
 + Level 3.8 Shields
 + Level 2.5 Unarmed Combat


You had 2 spell levels left.
You didn't know any spells.
Your spell library contained the following spells:

 Spells                   Type           Power      Damage    Failure   Level
 Inner Flame              Hex/Fire       0%         N/A       99%         3
 Flame Wave               Conj/Fire      0%         2d4       100%        4
 Sticky Flame             Fire/Alch      0%         2d4       100%        4

Inventory:

Hand Weapons
 e - a +0 short sword {short}
   (You took it off a kobold on level 1 of the Dungeon)
 f - a +0 club {mace}
   (You took it off a goblin on level 1 of the Dungeon)
 g - a +0 short sword {short}
   (You took it off a kobold on level 1 of the Dungeon)
 h - a +0 dagger {short}
   (You found it on level 1 of the Dungeon)
 k - a +0 dagger {short}
   (You took it off a kobold on level 1 of the Dungeon)
 o - a +0 short sword {short}
   (You took it off a kobold on level 2 of the Dungeon)
 r - a +0 mace {mace}
   (You found it on level 2 of the Dungeon)
 s - a +0 club {mace}
   (You found it on level 2 of the Dungeon)
 t - a +0 sling
   (You found it on level 2 of the Dungeon)
 u - a +0 rapier {short}
   (You found it on level 2 of the Dungeon)
Armour
 a - a +0 scale mail (worn)
 b - a +0 buckler (worn)
 p - a +0 pair of boots (worn)
   (You found it on level 2 of the Dungeon)
Jewellery
 m - a ring of ice
   (You found it on level 2 of the Dungeon)
Scrolls
 d - 2 scrolls of silence {unknown}
 i - 2 scrolls of identify {unknown}
 n - a scroll of noise {unknown}
 q - a scroll of vulnerability {unknown}
 v - a scroll of teleportation {unknown}
 w - a scroll of immolation {unknown}
Potions
 j - 2 potions of curing {unknown}
 l - a potion of berserk rage {unknown}

Dungeon Overview and Level Annotations

Branches:
Dungeon (3/15) Zot: 16312

Altars:
Sif Muna

# #.# #........# #.# #.#
#.....#..# #.# #.# ##...##..#
#.# #.# ##.###..###.# #.#
#.##...[.#.# ####.#
#.##...#.#รท#
#....######..........######
#.........g.J.............#
#.#####....@........#####.##
######.# #.##.###.#............
.......# #.....##.#......##..##
.......# #.##..##............#
.#####.#####.##..##.#..>...##.โ€
## .#
#.......#.#.##.#.....###...# .#
####.#...###.#.>..#.## #.#.# .#
#.#..#.#.##......# #.... .#
#.#..##.###......# ###.#


You could see a gnoll and an endoplasm.


Message History

You miss the quokka.
The quokka bites you but does no damage.
You hit the quokka.
You kill the quokka!
You now have 147 gold pieces (gained 14).
You now have 155 gold pieces (gained 8).
A giant cockroach comes into view.
A giant cockroach is nearby!
Unknown command.
You hit the giant cockroach. You block the giant cockroach's attack.
The giant cockroach barely misses you.
You hit the giant cockroach but do no damage.
You block the giant cockroach's attack.
You hit the giant cockroach.
You kill the giant cockroach!
No target in view!
You see here a giant cockroach corpse.
You see here a quokka skeleton.
Done exploring.
Done exploring.
Unknown command.
Done exploring.
Done exploring.
Unknown command.
There is a stone staircase leading down here.
You climb downwards.
The gnoll shouts! x3
The endoplasm quivers.
You hear a shout!
There is a stone staircase leading up here.
There are monsters nearby!
Unknown command.
A gnoll comes into view. It is wielding a +3 spear.
The gnoll barely misses you.
The gnoll hits you from afar with a +0 spear. ๐Ÿ˜• HP[-1]
You take 1 damage, and now have 23/24 hp.
Unknown command.
The gnoll hits you from afar with a +0 spear. ๐Ÿ˜• HP[-2]
You take 2 damage, and now have 21/24 hp.
The gnoll hits you but does no damage. x2
Unknown command.
The gnoll closely misses you. You block the gnoll's attack.
The gnoll hits you but does no damage. The endoplasm freezes you.
You are frozen.
You climb upwards.
There is a stone staircase leading down here.
Unknown command. ๐Ÿ˜• HP[-1]
You take 1 damage, and now have 20/24 hp.
You hit the gnoll but do no damage. ๐Ÿ˜• HP[+1]
You hit the gnoll. The endoplasm barely misses you.
The gnoll hits you with a +0 whip. The endoplasm closely misses you.
The gnoll hits you but does no damage. ๐Ÿ˜ฎ HP[-3]
You take 3 damage, and now have 18/24 hp.
You are too injured to fight recklessly!
You are too injured to fight recklessly!
You are too injured to fight recklessly!
You are too injured to fight recklessly!
You are too injured to fight recklessly!
Unknown command.
You barely miss the gnoll. The endoplasm freezes you.
You are frozen.
The gnoll hits you with a +0 whip.
* * * LOW HITPOINT WARNING * * *
๐Ÿ˜จ HP[-7]
You take 7 damage, and now have 11/24 hp.
MASSIVE DAMAGE!! (PAUSE)
You hit the gnoll. You hit the gnoll but do no damage.
The endoplasm freezes you.
You are frozen.
* * * LOW HITPOINT WARNING * * *
The gnoll barely misses you. ๐Ÿ˜จ HP[-3]
You take 3 damage, and now have 8/24 hp.
Unknown command.
You barely miss the gnoll. The endoplasm freezes you.
You are frozen.
* * * LOW HITPOINT WARNING * * *
You block the gnoll's attack. ๐Ÿ˜ฑ HP[-2]
You take 2 damage, and now have 6/24 hp.
You completely miss the gnoll.
The endoplasm jiggles.
The endoplasm hits you but does no damage.
The gnoll hits you with a +0 whip.
* * * LOW HITPOINT WARNING * * *
๐Ÿ˜ฑ HP[-1]
You take 1 damage, and now have 5/24 hp.
Unknown command.
You feel very mighty all of a sudden. The endoplasm freezes you.
You are frozen.
You die...

Action                     || total
---------------------------++-------
  Melee: Unarmed           ||   151
    Use: Potion            ||     1
 Armour: Scale mail        ||    88
  Dodge: Dodged            ||    42
  Block: Buckler           ||    33

Levels and vault maps discovered:
D:1:      sevenhm_arrival_forest_fort_small_2, layout_loops_ring,
          hellmonk_ecumenical_altar_arch_garden, dk_noncrumbling_2,
          hangedman_glass_teeth, minmay_worlds_worst_comb
D:2:      layout_loops_ring, basic_altar
D:3:      layout_rooms, nicolae_dithmenos_shadow_blocks, serial_curves,
          eino_curves_02, eino_curves_03, eino_curves_02, eino_curves_03

Notes
Turn   | Place    | Note
-------+----------+-------------------------------------------
     0 | D:1      | Zonian the Gargoyle Fighter began the quest for the Orb.
     0 | D:1      | Reached XP level 1. HP: 14/14 MP: 1/1
     0 | D:1      | magus.rc [v1.9.6]
     7 | D:1      | Noticed an eight-headed hydra
     9 | D:1      | Noticed an anaconda
   195 | D:1      | Reached XP level 2. HP: 13/19 MP: 2/2
   614 | D:1      | Found a faded altar of an unknown god.
   711 | D:1      | Reached XP level 3. HP: 23/23 MP: 3/3
   733 | D:1      | magus.rc [v1.9.6]
  1034 | D:2      | You pick up a book of Flames and begin reading...
  1034 | D:2      | You add the spells Inner Flame, Sticky Flame and Flame Wave
                  | to your library.
  1375 | D:2      | Found a shimmering blue altar of Sif Muna.
  1688 | D:2      | HP: 6/24 [frozen (2)]
  1690 | D:2      | Frozen to death by an endoplasm

Vanquished Creatures
  A dart slug (D:1)
  A ribbon worm (D:2)
  2 ball pythons (D:2)
  2 bats
  4 endoplasms
  6 giant cockroaches
  A goblin (D:1)
  4 hobgoblins
  2 quokkas (D:2)
  3 frilled lizards
  4 kobolds
  4 rats
34 creatures vanquished.

Table legend:
 A = Non-vault XP
 B = Vault XP
 C = Vault XP percentage of total XP
 D = Non-vault monster count
 E = Vault monster count
 F = Vault count percentage of total count
                 A         B        C        D         E       F
            +---------+---------+-------+---------+---------+-------
      Total |      53 |       8 |  13.1 |      30 |       4 |  11.8
            +---------+---------+-------+---------+---------+-------
        D:1 |      28 |       8 |  22.2 |      16 |       4 |  20.0
        D:2 |      25 |       0 |   0.0 |      14 |       0 |   0.0
            +---------+---------+-------+---------+---------+-------

Action                     || total
---------------------------++-------
  Melee: Unarmed           ||   151
    Use: Potion            ||     1
 Armour: Scale mail        ||    88
  Dodge: Dodged            ||    42
  Block: Buckler           ||    33

Illustrated notes

Table legend:
 A = Kills in this place as a percentage of kills in the entire game.
 B = Kills by you in this place as a percentage of kills by you in the entire game.
 C = Kills by friends in this place as a percentage of kills by friends in the entire game.
 D = Other kills in this place as a percentage of other kills in the entire game.
 E = Experience gained in this place as a percentage of experience gained in the entire game.
 F = Experience gained in this place divided by the number of levels of this place that you have seen.
                   A       B       C       D       E      F
               +-------+-------+-------+-------+-------+----------------------
         Total | 100.0 | 100.0 |   N/A |   N/A | 100.0 |  20.3
       Dungeon | 100.0 | 100.0 |   N/A |   N/A | 100.0 |  20.3
               +-------+-------+-------+-------+-------+----------------------

Table legend: (Time is in decaauts)
 A = Elapsed time spent in this place.
 B = Non-inter-level travel time spent in this place.
 C = Inter-level travel time spent in this place.
 D = Time resting spent in this place.
 E = Time spent auto-exploring this place.
 F = Levels seen in this place.
 G = Mean time per level.
                   A        B        C        D        E       F      G
               +--------+--------+--------+--------+--------+-----+--------+
         Total |   1686 |   1628 |     58 |      0 |   1322 |   3 |  562.0 |
       Dungeon |   1686 |   1628 |     58 |      0 |   1322 |   3 |  562.0 |
               +--------+--------+--------+--------+--------+-----+--------+

Top non-repeatable levels by time:
     D:1: 978 daAuts
     D:2: 701 daAuts
     D:3: 6 daAuts
